[Event "Titled Tuesday Blitz June 22 2021"]
[White "Kamsky, Gata"]
[Black "Papasimakopoulos, Alexandros"]
[WhiteFideId "2000024"]
[BlackFideId "4244125"]
[WhiteElo "2644"]
[BlackElo "2352"]
[Result "1-0"]
[Round "10"]
[TimeControl "180+1"]
[Date "2021.06.22"]
[WhiteClock "0:00:18"]
[BlackClock "0:00:13"]

1. d4 e6 2. Bf4 Nf6 3. Nf3 d5 4. e3 Bd6 5. Bg3 Qe7 6. c4 c6 7. Nc3 Nbd7 8. Bd3 dxc4 9. Bxc4 O-O 10. O-O Bxg3 11. hxg3 e5 12. e4 Rd8 13. d5 Nb6 14. Bb3 cxd5 15. exd5 Bg4 16. Re1 e4 17. Qd4 Bf5 18. Nh4 Qd7 19. Nxf5 Qxf5 20. Rad1 Re8 21. d6 Rad8 22. Bc2 Ng4 23. Rxe4 Rxe4 24. Bxe4 Qh5 25. Bf3 Qh2+ 26. Kf1 Re8 27. Ne4 f5 28. d7 Rd8 29. Bxg4 fxg4 30. Qe5 Nxd7 31. Rxd7 Rxd7 32. Qe8# 1-0


[Site "https://www.chess.com"]

[Event "Titled Tuesday Blitz June 22 2021"]
[White "Khubukshanov, Erdem"]
[Black "Makhnev, Denis"]
[WhiteFideId "54114527"]
[BlackFideId "13707647"]
[WhiteElo "2222"]
[BlackElo "2549"]
[Result "1-0"]
[Round "10"]
[TimeControl "180+1"]
[Date "2021.06.22"]
[WhiteClock "0:01:43"]
[BlackClock "0:01:31"]

1. e4 c6 2. d4 d5 3. e5 c5 4. dxc5 Nc6 5. Nf3 Bg4 6. c3 e6 7. Be3 Bxf3 8. Qxf3 Nxe5 9. Bb5+ Nc6 10. c4 a6 11. Ba4 Nf6 12. Nc3 Qa5 13. O-O Bxc5 14. cxd5 exd5 15. Nxd5 Bxe3 16. Nxf6+ gxf6 17. Bxc6+ bxc6 18. Qxc6+ Ke7 19. Rfe1 1-0


[Site "https://www.chess.com"]

[Event "Titled Tuesday Blitz June 22 2021"]
[White "Korobov, Anton"]
[Black "Bortnyk, Olexandr"]
[WhiteFideId "14105730"]
[BlackFideId "14120828"]
[WhiteElo "2668"]
[BlackElo "2723"]
[Result "1/2-1/2"]
[Round "10"]
[TimeControl "180+1"]
[Date "2021.06.22"]
[WhiteClock "0:01:13"]
[BlackClock "0:00:36"]

1. d4 d6 2. Nf3 Nf6 3. c4 g6 4. Nc3 Bf5 5. h3 Ne4 6. Nxe4 Bxe4 7. Ng5 Bf5 8. e4 Bd7 9. Bd3 Bg7 10. Nf3 c5 11. d5 b5 12. cxb5 a6 13. bxa6 Nxa6 14. O-O O-O 15. Re1 Qb6 16. e5 Nb4 17. Bc4 Bb5 18. b3 Rxa2 19. Rxa2 Nxa2 20. Bg5 Re8 21. exd6 Nc3 22. Qc2 exd6 23. Rxe8+ Bxe8 24. Bd2 Nb5 25. Qe4 1/2-1/2


[Site "https://www.chess.com"]

[Event "Titled Tuesday Blitz June 22 2021"]
[White "Lazavik, Denis"]
[Black "Ponikarovsky, Alexey"]
[WhiteFideId "13515110"]
[BlackFideId "4122887"]
[WhiteElo "2436"]
[BlackElo "1944"]
[Result "1-0"]
[Round "10"]
[TimeControl "180+1"]
[Date "2021.06.22"]
[WhiteClock "0:01:47"]
[BlackClock "0:02:16"]

1. d4 d5 2. c4 e6 3. Nf3 Nf6 4. Nc3 Bb4 5. Bg5 O-O 6. e3 c6 7. Bd3 h6 8. Bh4 dxc4 9. Bxc4 Nbd7 10. O-O Be7 11. a4 Nb6 12. Bd3 Nfd5 13. Bxe7 Qxe7 14. a5 Nxc3 15. bxc3 Nd5 16. Qd2 a6 17. e4 Nf6 18. Ne5 Nd7 19. Nc4 c5 20. d5 exd5 21. exd5 Qf6 22. Rfe1 Rd8 23. Rab1 Nf8 24. Rb6 Qh4 25. Nd6 Nd7 26. Nf5 Qa4 27. Rxh6 Nf8 28. Ne7# 1-0


[Site "https://www.chess.com"]

[Event "Titled Tuesday Blitz June 22 2021"]
[White "Le, Tuan Minh"]
[Black "Mekhitarian, Krikor Sevag"]
[WhiteFideId "12401153"]
[BlackFideId "2107660"]
[WhiteElo "2450"]
[BlackElo "2598"]
[Result "0-1"]
[Round "10"]
[TimeControl "180+1"]
[Date "2021.06.22"]
[WhiteClock "0:00:02"]
[BlackClock "0:00:05"]

1. d4 Nf6 2. Nf3 e6 3. c4 d5 4. Nc3 Bb4 5. Bg5 h6 6. Bxf6 Qxf6 7. Qa4+ Nc6 8. e3 O-O 9. Qc2 Rd8 10. Rd1 a6 11. a3 Bf8 12. Bd3 dxc4 13. Bxc4 e5 14. Nd5 Qd6 15. Nxe5 Nxe5 16. dxe5 Qxe5 17. O-O Bf5 18. Qc1 c6 19. Nf4 Bd6 20. g3 Bc7 21. Bb3 Qe7 22. Qc4 Rxd1 23. Rxd1 Rd8 24. Rxd8+ Bxd8 25. Qd4 Bc7 26. Ne2 Be5 27. Qd2 Be4 28. f4 Bf6 29. Nc3 Bf5 30. Kf2 g6 31. Bd1 Kg7 32. Bf3 h5 33. e4 Qc5+ 34. Kg2 Bxc3 35. bxc3 Be6 36. a4 a5 37. f5 Bb3 38. Qg5 Qe5 39. h3 Bxa4 40. g4 hxg4 41. hxg4 Bc2 42. Qd2 Bxe4 43. Bxe4 Qxe4+ 44. Kg3 Qe5+ 45. Kh3 a4 46. fxg6 Kxg6 47. Qc2+ Kg7 48. Qxa4 Qxc3+ 49. Kh4 Qf6+ 50. Kh3 b5 51. Qe4 Qd6 52. Qe3 c5 53. Qg5+ Kf8 54. Qh5 b4 55. Qh8+ Ke7 56. Qc8 Qe5 57. Qb7+ Kf8 58. Qc8+ Kg7 59. Qb7 Qe6 60. Qb5 Qd6 61. Qc4 Qd4 62. Qb5 Qc3+ 63. Kh4 b3 64. g5 Qb4+ 65. Qxb4 cxb4 66. Kh5 b2 0-1


[Site "https://www.chess.com"]

[Event "Titled Tuesday Blitz June 22 2021"]
[White "Liang, Jason"]
[Black "Nguyen, Ngoc Truong Son"]
[WhiteFideId "30940303"]
[BlackFideId "12401110"]
[WhiteElo "1976"]
[BlackElo "2596"]
[Result "0-1"]
[Round "10"]
[TimeControl "180+1"]
[Date "2021.06.22"]
[WhiteClock "0:00:02"]
[BlackClock "0:00:13"]

1. b3 e5 2. Bb2 d6 3. c4 g6 4. d4 Bg7 5. dxe5 Bxe5 6. Bxe5 dxe5 7. Qxd8+ Kxd8 8. Nc3 c6 9. Nf3 f6 10. O-O-O Ke7 11. e3 Nh6 12. h3 Nf7 13. Be2 Be6 14. h4 h5 15. Nd2 Nd7 16. Nde4 f5 17. Ng5 Nxg5 18. hxg5 a5 19. Kc2 Nc5 20. a3 b5 21. f4 b4 22. Na4 Nxa4 23. bxa4 bxa3 24. Ra1 Rab8 25. Rxa3 Rb4 26. Rb3 Rxa4 27. Rb7+ Kd6 28. Kb3 Rb4+ 29. Rxb4 axb4 30. Kxb4 Rb8+ 31. Kc3 exf4 32. exf4 Kc5 33. Ra1 h4 34. Ra5+ Kd6 35. c5+ Ke7 36. Ra7+ Kf8 37. Rh7 Rb3+ 38. Kd4 Rb4+ 39. Ke3 Re4+ 40. Kf3 Bd5 41. Rxh4 Rc4+ 42. Kf2 Rxc5 43. g4 Rc2 44. Ke3 fxg4 45. Bxg4 Rc3+ 46. Kf2 Rc4 47. Be2 Rb4 48. Bd3 Kg7 49. Ke3 c5 50. Rh6 Bf7 51. f5 gxf5 52. Bxf5 Rb3+ 53. Kf4 c4 54. Ke5 Rb5+ 55. Kf4 Rc5 56. Rh7+ Kf8 57. g6 Bd5 58. g7+ Kg8 59. Kg5 c3 60. Kf6 Rc6+ 61. Kg5 c2 62. Rh8+ Kxg7 63. Rh7+ Kf8 64. Bxc2 Rxc2 65. Kf6 Rc6+ 66. Ke5 Bf7 67. Rh4 Ke7 68. Rd4 Rc5+ 69. Ke4 Kf6 70. Kf4 Bd5 71. Rd3 Rc4+ 72. Kg3 Ke5 73. Rd2 Rc3+ 74. Kf2 Be4 75. Kg1 Kf4 76. Rf2+ Bf3 77. Kh2 Rc1 0-1


[Site "https://www.chess.com"]

[Event "Titled Tuesday Blitz June 22 2021"]
[White "Muradli, Mahammad"]
[Black "Tari, Aryan"]
[WhiteFideId "13409301"]
[BlackFideId "1510045"]
[WhiteElo "2482"]
[BlackElo "2656"]
[Result "0-1"]
[Round "10"]
[TimeControl "180+1"]
[Date "2021.06.22"]
[WhiteClock "0:00:01"]
[BlackClock "0:00:13"]

1. d4 Nf6 2. c4 g6 3. Nc3 d5 4. Bg5 c5 5. Bxf6 exf6 6. cxd5 Qb6 7. e3 Qxb2 8. Bb5+ Bd7 9. Bxd7+ Nxd7 10. Nge2 cxd4 11. Rb1 Qa3 12. Qxd4 Bc5 13. Qe4+ Kf8 14. Rxb7 Rd8 15. O-O Bb6 16. Qf4 Kg7 17. Ne4 Qe7 18. N2g3 f5 19. Nd6 Qf6 20. Ndxf5+ Kf8 21. Qh6+ Kg8 22. Rxd7 Rxd7 23. Nh5 Qe5 24. Qg5 Kf8 25. Nf6 Qxf5 26. Qxf5 gxf5 27. Nxd7+ Ke7 28. Nxb6 axb6 29. Rb1 Rb8 30. Rb5 Kd6 31. a4 Kc7 32. d6+ Kxd6 33. Rxf5 Ra8 34. Rf4 b5 35. Rd4+ Kc5 36. Kf1 bxa4 37. Rd1 a3 38. Ra1 Kc4 39. Ke2 a2 40. Kf3 Kc3 41. Kf4 Kb2 42. Re1 a1=Q 43. Rxa1 Rxa1 44. Kf5 Ra6 45. f4 Kc3 46. e4 Kd4 47. e5 h5 48. h3 h4 49. Kg5 Ke4 50. Kxh4 Kxf4 51. Kh5 Kxe5 0-1


[Site "https://www.chess.com"]

[Event "Titled Tuesday Blitz June 22 2021"]
[White "Nakamura, Hikaru"]
[Black "Visakh N R"]
[WhiteFideId "2016192"]
[BlackFideId "25012223"]
[WhiteElo "2900"]
[BlackElo "2428"]
[Result "1-0"]
[Round "10"]
[TimeControl "180+1"]
[Date "2021.06.22"]
[WhiteClock "0:01:02"]
[BlackClock "0:00:18"]

1. e4 c5 2. Nf3 d6 3. d4 cxd4 4. Qxd4 Nc6 5. Bb5 Bd7 6. Bxc6 Bxc6 7. Nc3 Nf6 8. Bg5 e6 9. O-O-O Be7 10. Qd3 O-O 11. Nd4 Rc8 12. f4 Qa5 13. Kb1 Rfe8 14. Rhe1 Bd7 15. Nb3 Qb6 16. Bxf6 gxf6 17. Re3 Kh8 18. Rh3 Rg8 19. f5 Qf2 20. g3 Rg4 21. Rh5 b5 22. a3 Qg2 23. e5 exf5 24. Nd5 Bd8 25. Ne3 Qf3 26. Nd2 1-0


[Site "https://www.chess.com"]

[Event "Titled Tuesday Blitz June 22 2021"]
[White "Onyshchuk, Volodymyr"]
[Black "Dubov, Daniil"]
[WhiteFideId "14114038"]
[BlackFideId "24126055"]
[WhiteElo "2603"]
[BlackElo "2722"]
[Result "1/2-1/2"]
[Round "10"]
[TimeControl "180+1"]
[Date "2021.06.22"]
[WhiteClock "0:00:48"]
[BlackClock "0:00:17"]

1. Nf3 Nf6 2. g3 g6 3. Bg2 Bg7 4. O-O O-O 5. d3 d5 6. Nbd2 c5 7. e4 Nc6 8. Re1 dxe4 9. dxe4 Qc7 10. c3 Rd8 11. Qc2 Nd7 12. Nc4 Nb6 13. Bf4 e5 14. Nxb6 axb6 15. Bg5 f6 16. Be3 Be6 17. Bf1 Bf8 18. Nd2 Qf7 19. b3 Na5 20. Rad1 h5 21. h3 Kh7 22. Nf3 Bh6 23. Bxh6 Kxh6 24. Rd2 Rxd2 25. Qxd2+ Kg7 26. Rd1 Nc6 27. Qe3 Rxa2 28. b4 cxb4 29. cxb4 Nxb4 30. Qxb6 Nc6 31. Rb1 Ra3 32. Nd2 Nd4 33. Qxb7 Ra2 34. Qxf7+ Bxf7 35. Nc4 h4 36. gxh4 Nf3+ 37. Kg2 Nxh4+ 38. Kg3 g5 39. Ne3 Ra7 40. Rb6 Rc7 41. Be2 Bg6 42. Rxf6 Kxf6 43. Nd5+ Kg7 44. Nxc7 Bxe4 45. Bg4 Nf5+ 46. Bxf5 Bxf5 47. Nd5 Be6 48. Ne3 Kf6 49. h4 gxh4+ 50. Kxh4 1/2-1/2


[Site "https://www.chess.com"]

[Event "Titled Tuesday Blitz June 22 2021"]
[White "Pichot, Alan"]
[Black "Firat, Burak"]
[WhiteFideId "110973"]
[BlackFideId "6305881"]
[WhiteElo "2622"]
[BlackElo "2531"]
[Result "1/2-1/2"]
[Round "10"]
[TimeControl "180+1"]
[Date "2021.06.22"]
[WhiteClock "0:00:28"]
[BlackClock "0:00:12"]

1. e4 e5 2. Nf3 Nf6 3. Nxe5 d6 4. Nf3 Nxe4 5. Nc3 Nxc3 6. dxc3 Be7 7. Be3 O-O 8. Qd2 Nd7 9. O-O-O c6 10. Bd3 d5 11. Rhe1 Re8 12. Bg5 Bxg5 13. Qxg5 Nf6 14. Rxe8+ Qxe8 15. Re1 Qf8 16. Qf4 Be6 17. Qc7 Qc8 18. Qe5 Qd7 19. Qd4 b6 20. h3 Qd6 21. g4 c5 22. Qe5 Rd8 23. Qxd6 Rxd6 24. Ne5 Nd7 25. Nxd7 Rxd7 26. f4 Rd6 27. f5 Bd7 28. c4 dxc4 29. Bxc4 Kf8 30. c3 h5 31. a4 hxg4 32. hxg4 g6 33. Rf1 gxf5 34. gxf5 Rf6 35. Rd1 Bxa4 36. Rd8+ Kg7 37. Ra8 Bd7 38. Rxa7 Bxf5 39. Kd2 Bg6 40. Rb7 Rf2+ 41. Ke3 Rxb2 42. Bd5 b5 43. Rc7 c4 44. Rb7 Rc2 45. Kd4 Rd2+ 46. Kc5 Rd3 47. Rxb5 Rxc3 48. Kb4 Rc1 49. Bxc4 f6 50. Rc5 Rb1+ 51. Kc3 f5 52. Bd3 Rc1+ 53. Kd4 Rxc5 54. Kxc5 f4 55. Be2 Kf6 56. Kd4 Kg5 57. Bf3 Bh5 58. Be4 Kg4 59. Ke5 Kg3 60. Kd4 Bf3 61. Bg6 Bg4 62. Be4 Bf3 63. Bg6 Bb7 64. Bh5 Bc8 65. Kc3 Bg4 66. Be8 Be2 67. Kd2 Kf2 68. Bc6 Bf3 69. Be8 Bg4 70. Bc6 Bf3 71. Be8 Be4 72. Bh5 Kg3 73. Ke1 Bf5 74. Kf1 Bg4 75. Bxg4 Kxg4 76. Kg2 f3+ 77. Kf2 Kg5 78. Kxf3 1/2-1/2


[Site "https://www.chess.com"]

[Event "Titled Tuesday Blitz June 22 2021"]
[White "Quparadze, Giga"]
[Black "Petriashvili, Nikoloz"]
[WhiteFideId "13602250"]
[BlackFideId "13611216"]
[WhiteElo "2658"]
[BlackElo "2430"]
[Result "1-0"]
[Round "10"]
[TimeControl "180+1"]
[Date "2021.06.22"]
[WhiteClock "0:00:23"]
[BlackClock "0:00:30"]

1. e4 c5 2. Ne2 Nc6 3. Nbc3 g6 4. d4 cxd4 5. Nxd4 Bg7 6. Nde2 Nf6 7. g3 O-O 8. Bg2 d6 9. O-O Be6 10. Nd5 Rc8 11. Nef4 Bxd5 12. Nxd5 Nxd5 13. exd5 Ne5 14. c3 Qb6 15. a4 a5 16. Ra2 Qa6 17. Re1 Qd3 18. f4 Qxd1 19. Rxd1 Nd7 20. Bh3 Rc7 21. Be3 Nc5 22. c4 h5 23. Kf1 b6 24. Ke2 f5 25. Bf1 Rfc8 26. Kf3 Kf7 27. Rb1 Nd7 28. b3 Bc3 29. Bd3 Bb4 30. Re2 Bc5 31. Bc1 Nf6 32. Bb2 Re8 33. Rbe1 Rcc8 34. Re6 Bb4 35. R1e2 Nd7 36. Bc2 Nc5 37. R6e3 e6 38. dxe6+ Rxe6 39. Rxe6 Nxe6 40. h3 Bc5 41. Rd2 Re8 42. g4 hxg4+ 43. hxg4 Ng7 44. gxf5 Re3+ 45. Kg4 gxf5+ 46. Bxf5 Rxb3 47. Be4 Ne8 48. Bd5+ Ke7 49. Re2+ Re3 50. Rh2 Nf6+ 51. Kf5 Nxd5 52. cxd5 Rd3 53. Bf6+ Ke8 54. Rh7 Ra3 55. Rb7 Rxa4 56. Ke6 Re4+ 57. Kf5 Re2 58. Ra7 Re3 59. Kg6 Rg3+ 60. Kf5 Re3 61. Bg5 Bd4 62. Kg6 b5 63. Rb7 b4 64. f5 Rf3 65. f6 a4 66. f7+ Rxf7 67. Rxf7 a3 68. Re7+ Kf8 69. Rb7 Ke8 70. Re7+ Kf8 71. Re6 Bg7 72. Be7+ Kg8 73. Bf6 Bf8 74. Re8 a2 1-0


[Site "https://www.chess.com"]

[Event "Titled Tuesday Blitz June 22 2021"]
[White "Rychagov, Andrey"]
[Black "Gabrielian, Artur"]
[WhiteFideId "4119932"]
[BlackFideId "4131002"]
[WhiteElo "2527"]
[BlackElo "2539"]
[Result "1/2-1/2"]
[Round "10"]
[TimeControl "180+1"]
[Date "2021.06.22"]
[WhiteClock "0:00:16"]
[BlackClock "0:00:19"]

1. d4 Nf6 2. Nf3 g6 3. c4 Bg7 4. Nc3 d5 5. cxd5 Nxd5 6. Bg5 Nxc3 7. bxc3 c5 8. e3 Qa5 9. Qd2 Nd7 10. Be2 h6 11. Bh4 b6 12. O-O Ba6 13. Bxa6 Qxa6 14. d5 Nf6 15. Bxf6 Bxf6 16. e4 Qc4 17. e5 Bg7 18. d6 Rd8 19. Qe3 exd6 20. exd6+ Qe6 21. Rfe1 Qxe3 22. Rxe3+ Kf8 23. Rd1 Rd7 24. g4 Bf6 25. h4 g5 26. hxg5 hxg5 27. Kg2 Kg7 28. Ne5 Bxe5 29. Rxe5 Kg6 30. Rdd5 f6 31. Re2 Rhd8 32. Red2 c4 33. Kf3 Kf7 34. R5d4 b5 35. a3 a6 36. Rd1 Ke6 37. Re1+ Kf7 38. Red1 Rh8 39. Kg3 Re8 40. a4 Re5 41. axb5 axb5 42. f4 gxf4+ 43. Kxf4 Ke6 44. R1d2 Re1 45. Rd5 Rc1 46. Rxb5 Rxc3 47. Re2+ Kf7 48. Rd5 Rd3 49. Ke4 Rxd6 50. Rxd6 Rxd6 51. Rc2 Rc6 52. Kd5 Rc8 53. Rxc4 Rxc4 54. Kxc4 Kg6 55. Kd5 Kg5 56. Ke6 Kxg4 57. Kxf6 1/2-1/2


[Site "https://www.chess.com"]

[Event "Titled Tuesday Blitz June 22 2021"]
[White "Sarana, Alexey"]
[Black "Maximov, Dmitry"]
[WhiteFideId "24133795"]
[BlackFideId "14105659"]
[WhiteElo "2629"]
[BlackElo "2494"]
[Result "1-0"]
[Round "10"]
[TimeControl "180+1"]
[Date "2021.06.22"]
[WhiteClock "0:01:21"]
[BlackClock "0:00:06"]

1. e4 c5 2. Nf3 d6 3. d4 cxd4 4. Nxd4 Nf6 5. Nc3 Nc6 6. Bg5 e6 7. Qd3 a6 8. Nxc6 bxc6 9. O-O-O Bd7 10. e5 dxe5 11. Bxf6 gxf6 12. Ne4 Ra7 13. Qe3 Rc7 14. Bxa6 Be7 15. Qh6 f5 16. Qg7 Rf8 17. Nd6+ Bxd6 18. Rxd6 Qa8 19. Bc4 Qa4 20. Bb3 Qf4+ 21. Rd2 h6 22. g3 Qe4 23. Rhd1 Ke7 24. Qxh6 Rg8 25. c3 c5 26. Qh7 Rd8 27. Qg7 c4 28. Bc2 Qg4 29. Qxe5 Rc6 30. Ba4 f6 31. Qa5 Qf3 32. Qb4+ Ke8 33. Qb7 1-0


[Site "https://www.chess.com"]

[Event "Titled Tuesday Blitz June 22 2021"]
[White "Shevchenko, Kirill"]
[Black "Holt, Conrad"]
[WhiteFideId "14129574"]
[BlackFideId "2034387"]
[WhiteElo "2569"]
[BlackElo "2586"]
[Result "1/2-1/2"]
[Round "10"]
[TimeControl "180+1"]
[Date "2021.06.22"]
[WhiteClock "0:00:03"]
[BlackClock "0:00:07"]

1. c4 c6 2. e4 d5 3. exd5 Nf6 4. d4 cxd5 5. Nc3 e6 6. Nf3 Bb4 7. cxd5 Nxd5 8. Qc2 Nc6 9. Bd3 Ba5 10. a3 h6 11. O-O O-O 12. Rd1 Nce7 13. Ne5 Qc7 14. Nxd5 Nxd5 15. Qe2 Bd7 16. Bxh6 gxh6 17. Rac1 Qd8 18. Qh5 Kg7 19. Qg4+ Kh8 20. Qh5 Kg7 21. Qg4+ Qg5 22. Qxg5+ hxg5 23. Nxd7 Rfd8 24. Nc5 Rab8 25. b4 Bc7 26. Be4 Bf4 27. Rc2 b6 28. Nd3 Nf6 29. Nxf4 Nxe4 30. Ne2 Nd6 31. Rdc1 Nb5 32. Rd2 Nxa3 33. f4 g4 34. f5 e5 35. d5 Nb5 36. Ng3 Nd6 37. Nh5+ Kh6 38. Nf6 Kg5 39. Nh7+ Kxf5 40. Rf1+ Kg6 41. Nf6 g3 42. Rd3 gxh2+ 43. Kh1 Nf5 44. Ne4 Rbc8 45. Rdf3 Rc4 46. Rxf5 Rxe4 47. Rf6+ Kg5 48. Rxf7 Rf4 49. R1xf4 exf4 50. Rxa7 Rxd5 51. Kxh2 Rd4 52. b5 Rb4 53. Rg7+ Kf5 54. g4+ Ke4 55. g5 Kf3 56. g6 Rb2+ 57. Kh3 Rxb5 58. Kh4 Rb1 59. Kg5 Kg3 60. Rf7 f3 61. g7 Rg1 62. Kf6 Kh2 63. Rf8 f2 64. Ke6 Rxg7 65. Rxf2+ Rg2 66. Rxg2+ Kxg2 67. Kd5 Kf3 68. Kc4 b5+ 69. Kxb5 1/2-1/2


[Site "https://www.chess.com"]

[Event "Titled Tuesday Blitz June 22 2021"]
[White "SpeedofLight0"]
[Black "Timmermans, Mark"]
[BlackFideId "1026399"]
[WhiteElo "2806"]
[BlackElo "2460"]
[Result "0-1"]
[Round "10"]
[TimeControl "180+1"]
[Date "2021.06.22"]
[WhiteClock "0:00:04"]
[BlackClock "0:00:29"]

1. e4 e5 2. Bc4 Nf6 3. d3 c6 4. Nf3 d5 5. Bb3 Bd6 6. O-O O-O 7. Re1 Bg4 8. h3 Bh5 9. g4 dxe4 10. Nh4 Bg6 11. dxe4 Bc5 12. Nxg6 hxg6 13. Qf3 Nbd7 14. Nd2 Qe7 15. Nf1 Bd4 16. c3 Bb6 17. Ng3 Nc5 18. Bc2 Rfd8 19. g5 Nfd7 20. h4 Ne6 21. h5 gxh5 22. Nf5 Qc5 23. Be3 Qf8 24. Qxh5 g6 25. Qh4 Bxe3 26. Rxe3 Nf4 27. Bb3 gxf5 28. exf5 Qg7 29. g6 Kf8 30. Bxf7 Qf6 31. Qh6+ Qg7 32. Qg5 Qf6 33. Qh6+ Qg7 34. Qh2 Qf6 35. Rae1 Qg5+ 36. Rg3 Qh5 37. Be6 Qxh2+ 38. Kxh2 Nxe6 39. fxe6 Nf6 40. e7+ Kxe7 41. Rxe5+ Kd6 42. Rf5 Nd5 43. g7 Rg8 44. Rf7 Rab8 45. f4 Ke6 46. Rf8 Rgxf8 47. gxf8=Q Rxf8 48. Rg7 Rf7 49. f5+ Kf6 50. Rg8 Kxf5 51. Kg3 Nf6 52. Rd8 Ne4+ 53. Kf3 Ke5+ 54. Ke3 Nd6 55. Ra8 a6 56. Kd3 Rf3+ 57. Kc2 Rh3 58. b4 Kd5 59. a4 c5 60. bxc5 Kxc5 61. Rd8 Kc6 62. Kb3 Rh5 63. Kb4 Kc7 64. Rf8 a5+ 65. Kb3 Kc6 66. Rf6 Rh3 67. Rg6 b6 68. Rg5 Rxc3+ 69. Kb2 Rc5 70. Rg6 Rc4 71. Kb3 Rb4+ 72. Ka3 Kc7 73. Rg7+ Kb8 74. Rg6 Nc4+ 75. Ka2 Rxa4+ 76. Kb3 Rb4+ 77. Kc3 Ne5 78. Re6 Nd7 79. Rc6 Kb7 80. Rd6 Kc7 81. Rd2 Nc5 82. Rd5 Kc6 83. Rh5 Kb5 84. Rh6 Rc4+ 85. Kb2 Rb4+ 86. Kc3 a4 87. Kc2 a3 88. Rh3 a2 89. Rh1 Rb1 90. Rh6 a1=Q 91. Rd6 Qa2+ 92. Kc3 Rb3+ 93. Kd4 Qd2+ 94. Ke5 Re3+ 95. Kf6 Qxd6+ 96. Kg5 Qg3+ 97. Kf5 Qf2+ 98. Kg6 Rg3+ 99. Kh7 Qh2# 0-1


[Site "https://www.chess.com"]

[Event "Titled Tuesday Blitz June 22 2021"]
[White "Srihari L R"]
[Black "Drygalov, Sergey"]
[WhiteFideId "46617116"]
[BlackFideId "24171743"]
[WhiteElo "2121"]
[BlackElo "2514"]
[Result "1/2-1/2"]
[Round "10"]
[TimeControl "180+1"]
[Date "2021.06.22"]
[WhiteClock "0:00:04"]
[BlackClock "0:00:09"]

1. c4 e5 2. g3 Nf6 3. Nc3 Bb4 4. Bg2 O-O 5. e3 Bxc3 6. bxc3 d6 7. d4 Nc6 8. Ne2 e4 9. Rb1 Na5 10. c5 dxc5 11. dxc5 Qxd1+ 12. Kxd1 Bg4 13. h3 Rfd8+ 14. Ke1 Bxe2 15. Kxe2 b6 16. Rb4 Nd5 17. Bxe4 Nxc3+ 18. Kf3 Nxe4 19. Rxe4 Rd5 20. cxb6 axb6 21. Bb2 b5 22. a4 Nc4 23. Bc3 Nd6 24. Rg4 Rf5+ 25. Kg2 Rxa4 26. Rxa4 bxa4 27. Ra1 Rc5 28. Rxa4 f6 29. Bb4 Rc2 30. Bxd6 cxd6 31. Ra7 d5 32. Rd7 Rc5 33. g4 h5 34. gxh5 Kh7 35. Kg3 Kh6 36. Kg4 Rc4+ 37. f4 Rc5 38. Rd8 Kh7 39. h4 Ra5 40. Rd6 Rb5 41. Rd7 Ra5 42. Rd8 Rb5 43. Kf3 Ra5 44. Ke2 d4 45. exd4 Rxh5 46. d5 Kg6 47. d6 Kf7 48. Kf3 Rxh4 49. Ra8 Rh3+ 50. Ke4 Ke6 51. Ra7 f5+ 52. Kd4 Kxd6 53. Rxg7 Ke6 54. Rg6+ Kf7 55. Ra6 Rb3 56. Ke5 Rb5+ 57. Kd4 Kg7 58. Kc4 Rb8 59. Kd5 Re8 60. Re6 Ra8 61. Rd6 Kf7 62. Ke5 Ra5+ 63. Rd5 Rxd5+ 64. Kxd5 Ke7 65. Ke5 Kf8 66. Kf6 Ke8 67. Kxf5 Kf7 68. Kg5 Kg7 69. f5 Kf7 70. f6 Kf8 71. Kf5 Kf7 72. Ke5 Kf8 73. Ke6 Ke8 74. f7+ Kf8 75. Kf6 1/2-1/2


[Site "https://www.chess.com"]

[Event "Titled Tuesday Blitz June 22 2021"]
[White "Terry, Renato"]
[Black "Kretov, Evgenij"]
[WhiteFideId "3803457"]
[BlackFideId "4167821"]
[WhiteElo "2581"]
[BlackElo "2400"]
[Result "1-0"]
[Round "10"]
[TimeControl "180+1"]
[Date "2021.06.22"]
[WhiteClock "0:01:17"]
[BlackClock "0:00:31"]

1. Nh3 d5 2. g3 c5 3. Bg2 Nc6 4. f4 e5 5. O-O e4 6. d3 f5 7. c4 dxc4 8. dxe4 Qxd1 9. Rxd1 Nd4 10. Nc3 fxe4 11. Ng5 Nf6 12. Ngxe4 Nxe4 13. Bxe4 Rb8 14. e3 Ne6 15. Bd5 Nc7 16. Bxc4 b5 17. Be2 b4 18. Ne4 Bb7 19. Nd6+ Bxd6 20. Rxd6 Ke7 21. Rd2 Rhd8 22. b3 Nd5 23. Bf3 Nc3 24. Rxd8 Kxd8 25. Bxb7 Rxb7 26. Bb2 Rd7 27. Bxc3 bxc3 28. Rc1 Rd3 29. Kf2 Kd7 30. Kf3 Kd6 31. Ke4 Rd2 32. Rxc3 Rxh2 33. a4 Rb2 34. g4 g6 35. g5 Ke6 36. Rxc5 Rxb3 37. Rc7 Rb4+ 38. Kf3 Rxa4 39. Rxh7 Kd5 40. Rh6 Ra6 41. f5 Ke5 42. fxg6 1-0


[Site "https://www.chess.com"]

[Event "Titled Tuesday Blitz June 22 2021"]
[White "Tristan, Leonardo"]
[Black "Sonis, Francesco"]
[WhiteFideId "113816"]
[BlackFideId "895733"]
[WhiteElo "2404"]
[BlackElo "2373"]
[Result "1-0"]
[Round "10"]
[TimeControl "180+1"]
[Date "2021.06.22"]
[WhiteClock "0:01:09"]
[BlackClock "0:00:03"]

1. d4 Nf6 2. Bg5 d5 3. e3 Bf5 4. Bd3 Bg6 5. Nd2 e6 6. f4 c5 7. c3 Nc6 8. Bxg6 hxg6 9. Ngf3 Qb6 10. Qb3 cxd4 11. exd4 Bd6 12. O-O Ng4 13. Rae1 Qxb3 14. axb3 f6 15. h3 fxg5 16. fxg5 Kd7 17. hxg4 Raf8 18. b4 Bg3 19. Re3 Bf4 20. Re2 Rh7 21. b5 Rfh8 22. bxc6+ Kc7 23. Kf2 bxc6 24. Rxe6 Rf8 25. Re7+ Kd6 26. Rfe1 1-0


[Site "https://www.chess.com"]

[Event "Titled Tuesday Blitz June 22 2021"]
[White "Vignesh, N R"]
[Black "Maly, Alexey"]
[WhiteFideId "25012215"]
[BlackFideId "14103184"]
[WhiteElo "2401"]
[BlackElo "2285"]
[Result "1/2-1/2"]
[Round "10"]
[TimeControl "180+1"]
[Date "2021.06.22"]
[WhiteClock "0:00:18"]
[BlackClock "0:00:09"]

1. d4 d5 2. Nf3 Nf6 3. e3 e6 4. Bd3 Be7 5. O-O O-O 6. Nbd2 b6 7. e4 dxe4 8. Nxe4 Nbd7 9. Qe2 Bb7 10. Rd1 Nxe4 11. Bxe4 Bxe4 12. Qxe4 Nf6 13. Qe2 Re8 14. c4 c6 15. Ne5 Qc7 16. Bf4 Qb7 17. Qf3 Rac8 18. Rd3 Red8 19. Rad1 b5 20. b3 a5 21. Bg5 a4 22. h4 axb3 23. axb3 bxc4 24. bxc4 Qc7 25. h5 h6 26. Bf4 Bd6 27. c5 Bxe5 28. Bxe5 Qe7 29. Rb3 Nd5 30. Qg3 f6 31. Bd6 Qf7 32. Qf3 Rd7 33. Rdb1 Kh7 34. g3 Rcd8 35. Rb8 Rxb8 36. Rxb8 f5 37. Rc8 Rb7 38. Rxc6 Rb1+ 39. Kg2 Qb7 40. Rb6 Rxb6 41. cxb6 Qxb6 42. Be5 Qc6 43. Kh2 Qc2 44. Kg1 Qb1+ 45. Kh2 Qc2 46. Kg1 Qb1+ 47. Kg2 Qc2 48. g4 Qb1 49. gxf5 Qxf5 50. Qxf5+ exf5 51. Kf3 g6 52. hxg6+ Kxg6 53. Bg3 Kg5 54. Be5 Kg6 55. Bg3 Kg5 56. Be5 Kg6 1/2-1/2


[Site "https://www.chess.com"]

[Event "Titled Tuesday Blitz June 22 2021"]
[White "Wagner, Dennis"]
[Black "Martinez Alcantara, Jose Eduardo"]
[WhiteFideId "24650684"]
[BlackFideId "3805662"]
[WhiteElo "2355"]
[BlackElo "2690"]
[Result "1-0"]
[Round "10"]
[TimeControl "180+1"]
[Date "2021.06.22"]
[WhiteClock "0:00:24"]
[BlackClock "0:00:02"]

1. e4 c5 2. Nf3 d6 3. Bb5+ Nd7 4. O-O a6 5. Bxd7+ Bxd7 6. c3 e6 7. d4 cxd4 8. cxd4 Nf6 9. Nc3 d5 10. exd5 exd5 11. Bg5 Be6 12. Bxf6 gxf6 13. Re1 Qd7 14. Rc1 b5 15. Nh4 Be7 16. Qh5 Rc8 17. h3 Kd8 18. Ne2 Rc4 19. b3 Rxc1 20. Rxc1 Ba3 21. Rc2 Bd6 22. Qf3 Ke7 23. Ng3 Bxg3 24. fxg3 Rc8 25. Rf2 f5 26. Re2 Kd8 27. Qf4 Rc6 28. Nf3 Qc7 29. Ne5 Rc1+ 30. Kh2 Kc8 31. Qh6 Rf1 32. Nd3 Rd1 33. Qf8+ Kb7 34. Nc5+ Ka7 35. Nxe6 fxe6 36. Rxe6 Qc1 37. Re7+ Kb6 38. Qd8+ Kc6 39. Qc7# 1-0


[Site "https://www.chess.com"]